 Dungeon Crawl Stone Soup version 0.17-a0-1479-g4041c36 (webtiles) character file.

1974 pulse the Protected (level 9, -6/80 HPs)
             Began as a Formicid Berserker on July 3, 2015.
             Was a High Priest of Trog.
             Mangled by an orc warrior
             ... wielding a +0 trident
              (12 damage)
             ... on level 7 of the Dungeon.
             The game lasted 00:11:41 (6441 turns).

pulse the Protected (Formicid Berserker)            Turns: 6441, Time: 00:11:41

Health: -6/80      AC: 14    Str: 24      XL:     9   Next: 43%
Magic:  9/9        EV: 16    Int:  5 (6)  God:    Trog [*****.]
Gold:   298        SH:  0    Dex: 18      Spells: 0 memorised, 8 levels left

rFire  . . .     SeeInvis +     B - +5 whip of Pain and Death {slash, rC+}
rCold  + . .     Clarity  .     h - +0 scale mail
rNeg   . . .     SustAt   .     (no shield)
rPois  .         Gourm    .     (helmet unavailable)
rElec  .         Spirit   .     y - +1 cloak
rCorr  .         Warding  .     s - +0 pair of gloves
rMut   .         Stasis   +     n - +0 pair of boots
MR     +....                    (no amulet)
Stlth  +.........               i - +1 ring of protection (curse)
                                b - +3 ring of dexterity

@: agile, somewhat resistant to hostile enchantments, very unstealthy
A: permanent stasis, dig shafts and tunnels, four strong arms, antennae 3,
breathe flames 1, deterioration 1, dopey 1, magic resistance 1, robust 1
a: Dig, Shaft Self, Burn Spellbooks, Trog's Hand, Brothers in Arms, Renounce
Religion, Breathe Fire


You were on level 7 of the Dungeon.
You worshipped Trog.
Trog was extremely pleased with you.
You were not hungry.

You visited 1 branch of the dungeon, and saw 7 of its levels.

You collected 408 gold pieces.
You spent 110 gold pieces at shops.

Inventory:

Hand weapons
 a - a +0 hand axe
 t - a +2 trident of venom
 B - the +5 whip of Pain and Death (weapon) {slash, rC+}
   (You found it on level 5 of the Dungeon)

   It inflicts extra damage upon your enemies.
   It protects you from cold.
Armour
 h - a +0 scale mail (worn)
 n - a +0 pair of boots (worn)
 s - a +0 pair of gloves (worn)
 y - a +1 cloak (worn)
Jewellery
 b - a +3 ring of dexterity (left hand)
 i - a cursed +1 ring of protection (right hand)
Magical devices
 r - a wand of confusion (12)
 v - a wand of lightning (11)
 w - a wand of draining (3)
 D - a wand of flame (11)
Scrolls
 e - a scroll of enchant armour {unknown}
 g - 2 scrolls of random uselessness {unknown}
 k - a scroll of enchant weapon {unknown}
 l - 2 scrolls of fear
 m - 5 scrolls of remove curse {unknown}
 o - 2 scrolls of fog {unknown}
 p - 7 scrolls of teleportation {unknown}
 q - 2 scrolls of recharging {unknown}
 C - 2 scrolls of identify
 E - a scroll of amnesia {unknown}
 F - 3 scrolls of magic mapping {unknown}
Potions
 f - 5 potions of haste
 x - a potion of degeneration
 z - a potion of brilliance
 A - a potion of resistance
 H - a potion of curing
Comestibles
 c - 3 bread rations
 j - 3 meat rations
 u - 4 fruits
 G - 4 chunks of flesh


   Skills:
 + Level 7.6 Fighting
 * Level 6.9 Axes
 + Level 8.7 Armour
 - Level 1.7 Dodging


You had 8 spell levels left.
You didn't know any spells.

Dungeon Overview and Level Annotations

Branches:
Dungeon (7/15)             Temple (0/1) D:6

Altars:
Cheibriados
Dithmenos
Elyvilon
Fedhas
Gozag
Qazlal
Ru
Sif Muna
Trog
Vehumet
Xom
Yredelemnul
The Shining One

Shops:
D:4 =:?


Innate Abilities, Weirdness & Mutations

You are under a permanent stasis effect.
You can dig through walls and to a lower floor.
Your four strong arms can wield two-handed weapons with a shield.
You have a pair of large antennae on your head (SInv).
You can breathe flames.
Your body sometimes deteriorates upon taking damage.
You are dopey. (Int -2)
You are resistant to hostile enchantments.
You are robust (+10% HP).


Message History

a whip; a leather armour; a sky beast corpse You whack the orc warrior!
The orc warrior is moderately wounded.
The orc warrior hits you with a trident!
* * * LOW HITPOINT WARNING * * *
You are too injured to fight recklessly!
You are too injured to fight recklessly!
You are too injured to fight recklessly!
You are too injured to fight recklessly!
You are too injured to fight recklessly!
You hit the orc warrior but do no damage.
The orc warrior is moderately wounded.
You hit the orc warrior but do no damage.
The orc warrior is moderately wounded.
The orc warrior hits you with a trident!
* * * LOW HITPOINT WARNING * * *
Drink which item? (? for menu, Esc to quit)
You feel agile all of a sudden.
The orc warrior hits you with a trident!
You die...

.#
..##...........)..
.. ...
##........####.
#### ###.....##
####_# #†)#..##
.....##.....###..##
##..####...# ##..#
.....# #### #..###
##..## ###...#...
⌠....# #o@[.......
##..##
.....o......###.
#....#
.....##......#
##..### #..#
#........ _.....#
#. #..###....
#8..8## # ..## ..##
.....# .## ##
....## . ....##


You could see an orc warrior and an orc wizard.

Vanquished Creatures
  Sigmund (D:5)
  Menkaure (D:5)
  A sky beast (D:7)
  A black bear (D:6)
  3 ogres
  2 centaurs
  3 giant frogs
  3 scorpions
  4 killer bees (D:7)
  2 crimson imps
  A giant frog zombie (D:5)
  2 hounds (D:5)
  3 orc priests
  A jelly (D:5)
  3 orc wizards
  A worker ant (D:5)
  5 adders
  4 gnolls (D:3)
  2 shadow imps (D:5)
  An ooze (D:2)
  3 worms (D:2)
  4 giant geckos
  20 orcs
  A ball python (D:2)
  3 giant cockroaches (D:3)
  9 goblins
  11 hobgoblins
  7 jackals
  A quokka (D:4)
  3 bats
  10 giant newts
  10 kobolds
  2 quokka skeletons
  11 rats
139 creatures vanquished.

Vanquished Creatures (others)
  A wizard (D:5)
1 creature vanquished.

Grand Total: 140 creatures vanquished

Notes
Turn   | Place    | Note
--------------------------------------------------------------
     0 | D:1      | pulse the Formicid Berserker began the quest for the Orb.
     0 | D:1      | Reached XP level 1. HP: 18/18 MP: 1/1
   319 | D:1      | Reached XP level 2. HP: 24/24 MP: 2/2
   627 | D:2      | Found a deep blue altar of Sif Muna.
   661 | D:2      | Reached XP level 3. HP: 22/29 MP: 3/3
   831 | D:2      | Acquired Trog's second power
   952 | D:2      | Found a glowing golden altar of the Shining One.
   969 | D:2      | Reached XP level 4. HP: 27/37 MP: 4/4
  1590 | D:2      | Found a shimmering altar of Xom.
  1591 | D:2      | Found a shimmering altar of Xom.
  1591 | D:2      | Found a shimmering altar of Xom.
  1592 | D:2      | Found a shimmering altar of Xom.
  1592 | D:2      | Found a shimmering altar of Xom.
  1598 | D:2      | Found a shimmering altar of Xom.
  1599 | D:2      | You fall through a shaft for 2 floors!
  1647 | D:4      | Found Miskask's Jewellery Shop.
  1660 | D:4      | Bought a cursed +1 ring of protection for 28 gold pieces
  1773 | D:3      | Reached skill level 4 in Fighting
  1788 | D:3      | Gained mutation: You can breathe flames. [potion of mutation]
  1788 | D:3      | Gained mutation: You are dopey. (Int -2) [potion of mutation]
  1788 | D:3      | Gained mutation: Your body sometimes deteriorates upon taking damage. [potion of mutation]
  1813 | D:3      | Reached XP level 5. HP: 32/42 MP: 5/5
  1957 | D:3      | Found a bloodstained altar of Trog.
  2957 | D:4      | Found Ginekor's Book Shop.
  3089 | D:4      | Found a radiant altar of Vehumet.
  3090 | D:4      | Found a snail-covered altar of Cheibriados.
  3092 | D:4      | Found a white marble altar of Elyvilon.
  3094 | D:4      | Found a blossoming altar of Fedhas.
  3094 | D:4      | Found an opulent altar of Gozag.
  3507 | D:4      | Found Fanam's Magic Scroll Emporium.
  3515 | D:4      | Reached XP level 6. HP: 41/49 MP: 6/6
  3523 | D:4      | Bought a scroll of identify for 22 gold pieces
  3523 | D:4      | Bought a scroll of fear for 38 gold pieces
  3523 | D:4      | Bought a scroll of identify for 22 gold pieces
  3594 | D:4      | Gained mutation: You are resistant to hostile enchantments. [potion of mutation]
  3594 | D:4      | Gained mutation: You are robust (+10% HP). [potion of mutation]
  3847 | D:4      | Found a sacrificial altar of Ru.
  3945 | D:4      | Noticed an ogre
  3953 | D:4      | Killed an ogre
  3953 | D:4      | Reached skill level 5 in Axes
  3953 | D:4      | Reached XP level 7. HP: 31/60 MP: 7/7
  4038 | D:5      | Entered Level 5 of the Dungeon
  4043 | D:5      | Reached skill level 5 in Armour
  4063 | D:5      | Reached skill level 5 in Fighting
  4093 | D:5      | Acquired Trog's third power
  4120 | D:5      | Got a dazzling whip
  4121 | D:5      | Identified the +5 whip of Pain and Death {slash, rC+} (You found it on level 5 of the Dungeon)
  4217 | D:5      | Noticed Sigmund
  4767 | D:5      | Noticed Menkaure
  4779 | D:5      | Killed Menkaure
  4863 | D:5      | Killed Sigmund
  4863 | D:5      | Reached skill level 6 in Armour
  4863 | D:5      | Reached XP level 8. HP: 27/70 MP: 8/8
  5062 | D:5      | Found a bloodstained altar of Trog.
  5065 | D:5      | Noticed a wizard
  5070 | D:5      | Killed a wizard
  5243 | D:6      | Found a shadowy altar of Dithmenos.
  5248 | D:6      | Reached skill level 7 in Armour
  5531 | D:6      | Found a staircase to the Ecumenical Temple.
  5785 | D:7      | Reached XP level 9. HP: 75/78 MP: 9/9
  5876 | D:7      | Reached skill level 8 in Armour
  6150 | D:7      | Found a basalt altar of Yredelemnul.
  6159 | D:7      | Found a stormy altar of Qazlal.
  6441 | D:7      | Mangled by an orc warrior

Vault maps used:
D:1:      dpeg_arrival_pits, minmay_stone_trees_small
D:2:      old_standard_altar, nicolae_tso_swordbearing_angel, xom_redecorated
D:3:      lemuel_doored_altar
D:4:      grunt_temple_overflow_open, serial_shops, shop_fountains,
          shop_scrolls, shop, first_bread, nicolae_ru_the_path_less_chosen
D:5:      minmay_crystal_water, trog_wizard, uniq_menkaure, uniq_sigmund
D:6:      minmay_temple_entry_trees, basic_altar
D:7:      minitemple, kennysheep_mini

Action                   |  1- 3 |  4- 6 |  7- 9 || total
-------------------------+-------+-------+-------++-------
Melee: Hand axe          |    82 |   114 |       ||   196
       Trident           |       |    60 |    20 ||    80
       Whip              |       |       |   200 ||   200
Invok: Burn Spellbooks   |       |       |     1 ||     1
 Abil: Breathe Fire      |       |     1 |       ||     1
  Use: Scroll            |       |     6 |       ||     6
       Potion            |       |     5 |     7 ||    12
  Eat: Chunk             |       |     5 |     7 ||    12
       Fruit             |       |     4 |     1 ||     5
       Pizza             |       |     1 |       ||     1
